 Dungeon Sprint DCSS version 0.19-a0-996-g3cba913 (webtiles) character file.

422 Musica the Unseen (level 6, -10/30 HPs)
             Began as a Spriggan Assassin on July 17, 2016.
             Was an Initiate of Hepliaklqana.
             Mangled by Sonja
             ... wielding a +0 dagger of distortion
              (21 damage)
             ... in the Dungeon (Sprint I: "Red Sonja").
             The game lasted 00:04:03 (254 turns).

Musica the Unseen (Spriggan Assassin)                Turns: 254, Time: 00:04:04

Health: -10/30     AC:  3    Str:  7    XL:     6   Next: 63%
Magic:  7/7        EV: 17    Int: 13    God:    Hepliaklqana [......]
Gold:   297        SH:  0    Dex: 19    Spells: 0 memorised, 5 levels left

rFire  . . .     SeeInvis +     b - +0 blowgun
rCold  . . .     Gourm    .     c - +0 robe
rNeg   . . .     Faith    .     (shield restricted)
rPois  .         Spirit   .     (helmet restricted)
rElec  .         Dismiss  .     d - +0 cloak
rCorr  .         Reflect  .     (gloves unavailable)
SustAt .         Harm     .     (boots unavailable)
MR     +....     NoTele   +     (no amulet)
Stlth  ++++++++..               (no ring)
                                (no ring)

@: lethally poisoned (-10 -> -23), slowed, quick, somewhat resistant to hostile
enchantments, extraordinarily stealthy
A: unfitting armour, see invisible, herbivore 3, speed 3, slow metabolism 2
a: Recall Ancestor, Ancestor Identity, Renounce Religion


You were in the Dungeon.
You worshipped Hepliaklqana.
Hepliaklqana was noncommittal.
You were not hungry.

You visited 1 branch You collected 297 gold pieces.

Inventory:

Hand Weapons
 a - a +2 dagger
 b - a +0 blowgun (weapon)
Missiles
 e - 5 poisoned needles
 f - a curare-tipped needle (quivered)
Armour
 c - a +0 robe (worn)
 d - a +0 cloak (worn)
Scrolls
 m - a scroll of blinking
 n - 3 scrolls of fog {unknown}
Potions
 j - a potion of haste
 k - 2 potions of magic
 l - a potion of berserk rage
Comestibles
 g - a bread ration


   Skills:
 - Level 1.5 Fighting
 + Level 5.4 Short Blades
 + Level 6.8 Throwing
 - Level 1.5 Dodging
 + Level 17.7 Stealth


You had 5 spell levels left.
You didn't know any spells.

Dungeon Overview and Level Annotations

Branches:
Dungeon (1/1)

Altars:
Elyvilon
Gozag
Hepliaklqana
Kikubaaqudgha
Makhleb
Nemelex Xobeh
Okawaru
Pakellas
Qazlal
Ru
Sif Muna
Trog
Uskayaw
Vehumet
Xom
Yredelemnul
Zin
The Shining One

Shops:
D [

Annotations:
D Sonja


Innate Abilities, Weirdness & Mutations

You are tiny and cannot use many weapons and most armour.
You have supernaturally acute eyesight. (SInv)
You are a herbivore.
You cover ground extremely quickly.
You need consume almost no food.


Message History

You are lethally poisoned!
You have difficulty breathing.
* * * LOW HITPOINT WARNING * * *
You feel as though you will be slow longer.
You swap places.
* * * LOW HITPOINT WARNING * * *
You feel sick.
You feel much better.
You feel sick.
Decima completely misses Sonja. x2
Firing (i - inventory. (,) - cycle):
f - 2 curare-tipped needles (quivered)
Press: ? - help, Shift-Dir - straight line, f/p - Sonja
Aim: Sonja, wielding a blowgun (moderately wounded)
You shoot a curare-tipped needle. The curare-tipped needle misses Sonja.
You feel sick.
Sonja unwields an uncursed blowgun.
Sonja wields an uncursed dagger of distortion.
Its appearance distorts for a moment.
Sonja hits you with an uncursed dagger of distortion!
Space bends around you. Sonja closely misses you.
Sonja hits you but does no damage. Space warps horribly around you!
Ouch! That really hurt!
You die...

################
#<.#..'..#..'..#
#..'.)#..'..#..+
#..#####'#####'#
#..####..#...#@#
#..#__####..##K#
#.)#_____##'#R(+
#⌠⌠#_(∩...'..(_#
####_._._##_.#'#
#_____###'#(#
####### #.###
$($ (§$


You could see the friendly Decima the ancestor and Sonja.

Vanquished Creatures
  Sigmund (D)
  A yak (D)
  An ogre (D)
  A jelly (D)
  Ijyb (D)
5 creatures vanquished.

Vanquished Creatures (others)
  A gargoyle (D)
1 creature vanquished.

Grand Total: 6 creatures vanquished

Notes
Turn   | Place    | Note
-------+----------+-------------------------------------------
     0 | D        | Musica the Spriggan Assassin began the quest for the Orb.
     0 | D        | Reached XP level 1. HP: 10/10 MP: 2/2
     3 | D        | Noticed Ijyb
    18 | D        | Killed Ijyb
    18 | D        | Reached skill level 9 in Stealth
    18 | D        | Reached XP level 2. HP: 14/14 MP: 3/3
    32 | D        | Noticed an ogre
    50 | D        | Killed an ogre
    50 | D        | Reached skill level 12 in Stealth
    50 | D        | Reached XP level 3. HP: 18/18 MP: 4/4
    50 | D        | Reached XP level 4. HP: 22/22 MP: 5/5
    78 | D        | Noticed Sigmund
    94 | D        | Killed Sigmund
    94 | D        | Reached skill level 5 in Throwing
    94 | D        | Reached skill level 15 in Stealth
    94 | D        | Reached XP level 5. HP: 25/25 MP: 6/6
   127 | D        | Found a deep blue altar of Sif Muna.
   127 | D        | Killed a gargoyle
   129 | D        | Found a radiant altar of Vehumet.
   133 | D        | Reached skill level 5 in Short Blades
   133 | D        | Reached skill level 16 in Stealth
   133 | D        | Reached XP level 6. HP: 30/30 MP: 7/7
   166 | D        | Found Zawaz's Armour Emporium.
   166 | D        | Found a white marble altar of Elyvilon.
   166 | D        | Found a stormy altar of Qazlal.
   166 | D        | Found a burning altar of Makhleb.
   166 | D        | Found a sacrificial altar of Ru.
   166 | D        | Found a hazy altar of Hepliaklqana.
   166 | D        | Found an oddly glowing altar of Pakellas.
   166 | D        | Found a hide-covered altar of Uskayaw.
   166 | D        | Found a basalt altar of Yredelemnul.
   166 | D        | Found a glowing golden altar of the Shining One.
   166 | D        | Found a sparkling altar of Nemelex Xobeh.
   166 | D        | Found a shimmering altar of Xom.
   166 | D        | Found an opulent altar of Gozag.
   166 | D        | Found an ancient bone altar of Kikubaaqudgha.
   166 | D        | Found a glowing silver altar of Zin.
   166 | D        | Noticed a yak
   167 | D        | Found an iron altar of Okawaru.
   190 | D        | Killed a yak
   190 | D        | Reached skill level 17 in Stealth
   210 | D        | Found a bloodstained altar of Trog.
   216 | D        | Became a worshipper of Hepliaklqana
   228 | D        | Noticed Sonja
   254 | D        | Mangled by Sonja

Vault maps used:
D:        dungeon_sprint_1

Skill      XL: |  1  2  3  4  5  6 |
---------------+-------------------+-----
Stealth        | 9 12 15 16 17 | 17.7
Short Blades   | 4 5 |  5.4
Throwing       | 4 5 6 |  6.8
Fighting       | |  1.5
Dodging        | |  1.5

Action                   |  1- 3 |  4- 6 || total
-------------------------+-------+-------++-------
Melee: Dagger            |     5 |     2 ||     7
 Fire: Blowgun           |     8 |    17 ||    25
  Use: Potion            |       |     2 ||     2
 Stab: Sleeping          |       |     1 ||     1
Armor: Robe              |       |     2 ||     2
Dodge: Dodged            |     2 |     6 ||     8
